 Dungeon Crawl Stone Soup version 0.28-a0-1190-g77e1c55843 (webtiles) character file.

Game seed: 17906468507832926192

319 SmokeWeed the Covert (level 6, 0/37 (41) HPs)
             Began as an Octopode Brigand on Dec 18, 2021.
             Slain by a wight (7 damage)
             ... on level 4 of the Dungeon.
             The game lasted 00:07:13 (3467 turns).

SmokeWeed the Covert (Octopode Brigand)             Turns: 3467, Time: 00:07:14

HP:   0/37 (41)     AC:  8    Str: 10    XL:     6   Next: 45%
MP:   6/6           EV: 13    Int: 22    God:
Gold: 166           SH:  0    Dex: 13    Spells: 5/5 levels left

rFire   + . .      SeeInvis .   m - +1 long sword (protect)
rCold   x . .      Faith    .   (no shield)
rNeg    . . .      Spirit   .   (helmet restricted)
rPois   .          Reflect  .   (no amulet)
rElec   .          Harm     .   n - +4 ring of slaying
rCorr   .          Rampage  .   o - ring of fire
Will    .....                   p - +6 ring of intelligence
Stlth   ++++++....              (no ring)
HPRegen 0.12/turn               (no ring)
MPRegen 0.10/turn               (no ring)
                                (no ring)
                                (no ring)

@: under a protective aura, drained
A: almost no armour, amphibious, 8 rings, camouflage 1, gelatinous body 1,
nimble swimmer 1, tentacles
a: no special abilities


You were on level 4 of the Dungeon.
You visited 1 branch of the dungeon, and saw 4 of its levels.

You collected 166 gold pieces.

Inventory:

Hand Weapons
 a - a +2 dagger
 h - a +0 falchion
 m - a +1 long sword of protection (weapon)
Missiles
 b - 3 poisoned darts (quivered)
 c - 2 curare-tipped darts
Jewellery
 n - a +4 ring of slaying (left tentacle)
 o - a ring of fire (right tentacle)
 p - a +6 ring of intelligence (on tentacle)
Scrolls
 d - a scroll of teleportation {unknown}
 e - 2 scrolls of amnesia {unknown}
 f - 3 scrolls of silence {unknown}
 g - a scroll of blinking {unknown}
 l - 3 scrolls of fear {unknown}
 q - a scroll of magic mapping {unknown}
 r - a scroll of torment {unknown}
Potions
 i - 2 potions of heal wounds {unknown}
 j - a potion of invisibility {unknown}
 k - a potion of curing {unknown}


   Skills:
 + Level 2.4 Fighting
 + Level 3.4(3.6) Short Blades
 + Level 1.2(2.5) Long Blades
 + Level 2.4 Throwing
 * Level 2.6 Dodging
 + Level 8.0 Stealth


You had 5 spell levels left.
You didn't know any spells.
Your spell library contained the following spells:

 Spells                   Type           Power      Damage    Failure   Level
 Ensorcelled Hibernation  Hex/Ice        0%         N/A       26%         2
 Dazzling Flash           Conj/Hex       0%         N/A       45%         3
 Tukima's Dance           Hex            0%         N/A       45%         3
 Iskenderun's Mystic Bla  Conj/Tloc      0%         2d3       86%         4
 Starburst                Conj/Fire      0%         6d3       100%        6


Dungeon Overview and Level Annotations

Branches:
Dungeon (4/15)
 Temple: D:4-7

Altars:
Dithmenos
Hepliaklqana
Kikubaaqudgha
Qazlal
Sif Muna
The Shining One

Shops:
D:1 [(*(   D:4 *


Innate Abilities, Weirdness & Mutations

You cannot wear most types of armour.
You are amphibious.
You can wear up to eight rings at the same time.
Your skin changes colour to match your surroundings (Stealth+).
Your rubbery body absorbs attacks. (AC +1, EV +1)
You are camouflaged near water. (Stealth+)
You have tentacles for arms and can constrict up to eight enemies at once.


Message History

a +0 robe; a hobgoblin corpse
There is a stone staircase leading down here.
You open the door. 2 wights come into view.
A wight is wielding a +4 dagger of freezing.
Found 14 gold pieces. 2 wights come into view.
A wight is wielding a +2 antimagic great sword.
There is an open door here.
A wight comes into view.
It is wielding a +2 falchion of flaming.
Throw: 5 darts (poison)
Press: ? - help, Q - select action, (/) - cycle Shift-Dir - straight line, f - wight
Aim: a wight, wielding a +4 dagger of freezing and wearing a +0 robe (64% to hit)
You throw a poisoned dart. The poisoned dart hits the wight.
You hear a splash.
Throw: 4 darts (poison)
Press: ? - help, Q - select action, (/) - cycle Shift-Dir - straight line, f/p - wight
Aim: a wight, wielding a +4 dagger of freezing and wearing a +0 robe (64% to hit)
You throw a poisoned dart.
The poisoned dart barely misses the wight.
The poisoned dart hits the plant.
The plant is poisoned.
You hear a splash.
You closely miss the wight. You grab the wight. Your squeeze misses the wight.
You constrict the wight, but do no damage.
The plant begins to die.
The wight hits you with a +4 dagger of freezing.
You feel drained. The wight freezes you.
You hit the wight but do no damage.
Your weapon exudes an aura of protection.
You constrict the wight, but do no damage.
The wight hits you with a +4 dagger of freezing!
You feel drained. The wight freezes you.
You slash the wight!
The wight is almost destroyed.
You constrict the wight.
The wight hits you with a +4 dagger of freezing!
You feel drained.
* * * LOW HITPOINT WARNING * * *
The wight freezes you!
You die...

##♣≈P≈P≈≈≈≈♣♣♣.......# ###
#≈≈≈≈≈≈≈P≈≈≈P♣≈......#
..##♣≈≈≈≈≈≈≈≈≈[≈≈≈≈♣.....#
....♣≈≈≈≈≈≈≈≈≈≈≈P≈≈≈≈....#
......≈≈≈≈≈≈≈≈≈≈≈≈≈≈≈....#
.......................###
....≈.≈≈≈≈≈≈≈≈≈≈≈≈≈≈≈.>#
..#≈≈.≈≈≈≈≈≈≈≈≈≈≈≈)≈P≈.#
..≈♣≈.≈≈≈P♣♣♣≈≈≈@≈≈P≈♣.#
.♣♣≈P.≈≈≈♣♣♣♣♣♣≈≈z(≈≈♣'######
. ♣≈≈.≈≈≈♣♣≈♣
♣P≈zPP≈≈.......# . ♣≈≈.≈≈P♣P#
♣≈≈≈≈≈≈♣.......# ♣P≈.≈≈PP#
#≈≈P♣≈≈≈........# ♣♣P.≈≈≈##
###.♣≈♣.........#
♣≈.≈P≈#######..♣.......z$.#
♣≈.≈≈≈....................#
#≈♣≈.≈≈P♣................z..#


You could see 2 wights.

Vanquished Creatures
  Sigmund (D:4)
  2 iguanas (D:4)
  An adder (D:2)
  3 gnolls (D:3)
  A worm (D:2)
  An orc (D:3)
  3 ball pythons
  6 bats
  11 endoplasms
  3 giant cockroaches
  10 hobgoblins
  4 jackals (D:2)
  A quokka (D:4)
  2 frilled lizards (D:1)
  9 goblins
  3 kobolds
  4 rats
65 creatures vanquished.

Vanquished Creatures (others)
  19 plants (D:4)
19 creatures vanquished.

Grand Total: 84 creatures vanquished

Notes
Turn   | Place    | Note
-------+----------+-------------------------------------------
     0 | D:1      | SmokeWeed the Octopode Brigand began the quest for the Orb.
     0 | D:1      | Reached XP level 1. HP: 14/14 MP: 1/1
   190 | D:1      | Found Malycacruts's Armour Shoppe.
   245 | D:1      | Found Ivash's Antique Weapon Shop.
   262 | D:1      | Reached XP level 2. HP: 11/19 MP: 2/2
   434 | D:1      | Reached skill level 6 in Stealth
   437 | D:1      | Found Tojy's Weapon Boutique.
   764 | D:1      | Found a faded altar of an unknown god.
  1033 | D:1      | Found Seowij's Assorted Antiques.
  1131 | D:2      | Reached XP level 3. HP: 24/24 MP: 3/3
  2163 | D:2      | Found a stormy altar of Qazlal.
  2256 | D:3      | Found a shadowy altar of Dithmenos.
  2257 | D:3      | Found a hazy altar of Hepliaklqana.
  2260 | D:3      | Found an ancient bone altar of Kikubaaqudgha.
  2293 | D:3      | Reached XP level 4. HP: 26/29 MP: 4/4
  2553 | D:3      | Reached skill level 7 in Stealth
  2871 | D:3      | Found a shimmering blue altar of Sif Muna.
  2932 | D:3      | Found a glowing golden altar of the Shining One.
  3119 | D:4      | Noticed Sigmund
  3131 | D:4      | Killed Sigmund
  3132 | D:4      | Reached skill level 1 in Long Blades
  3132 | D:4      | Reached XP level 5. HP: 35/35 MP: 5/5
  3132 | D:4      | Reached XP level 6. HP: 40/40 MP: 6/6
  3134 | D:4      | Found Coijaqint's Assorted Antiques.
  3346 | D:4      | Reached skill level 8 in Stealth
  3467 | D:4      | Slain by a wight

Illustrated notes

Levels and vault maps discovered:
D:1:      dpeg_arrival_concentric_ovals, layout_basic, serial_shops,
          nicolae_shop_behind_doors, shop_statue, nicolae_diamond_shop, shop,
          shapermc_ecumenical_altar_notcrosses, serial_bayou_crossing
D:2:      layout_basic, kennysheep_flooded_box, minmay_misc_feat_plants,
          grunt_decor_one_mirror
D:3:      layout_rooms, nicolae_overflow_crystal_walls,
          grunt_temple_overflow_open, lemuel_blue_sif_altar,
          kennysheep_cross_room
D:4:      layout_basic, serial_shops, nicolae_shop_overgrown_old_shop,
          serial_bayou, serial_bayou_lagoon_b, serial_bayou_lagoon_a,
          serial_bayou_pond_b, serial_bayou_pond_a, uniq_sigmund, uniq_robin

Skill      XL: |  1  2  3  4  5  6 |
---------------+-------------------+-----
Stealth        | 6 7 8 |  8.0
Short Blades   | 3 |  3.4
Long Blades    | 1 |  1.2
Dodging        | 2 |  2.6
Fighting       | |  2.4
Throwing       | |  2.4

Action                   |  1- 3 |  4- 6 || total
-------------------------+-------+-------++-------
Melee: Dagger            |    70 |    15 ||    85
       Constrict         |    10 |    13 ||    23
       Tentacles         |     6 |     5 ||    11
       Long sword        |       |    41 ||    41
Throw: Dart              |       |    10 ||    10
 Stab: Sleeping          |    16 |     6 ||    22
Armor: Skin              |     4 |     8 ||    12
Dodge: Dodged            |    22 |    37 ||    59

Table legend: (Time is in decaauts)
 A = Elapsed time spent in this place.
 B = Non-inter-level travel time spent in this place.
 C = Inter-level travel time spent in this place.
 D = Time resting spent in this place.
 E = Time spent auto-exploring this place.
 F = Levels seen in this place.
 G = Mean time per level.
                   A        B        C        D        E       F      G
               +--------+--------+--------+--------+--------+-----+--------+
         Total |   3464 |   3417 |     47 |    630 |   2219 |   4 |  866.0 |
       Dungeon |   3464 |   3417 |     47 |    630 |   2219 |   4 |  866.0 |
               +--------+--------+--------+--------+--------+-----+--------+

Top non-repeatable levels by time:
     D:2: 1131 daAuts
     D:1: 1102 daAuts
     D:3: 837 daAuts
     D:4: 392 daAuts
